cohdb
Replays
Latest Replays
All Replays
Popular Replays
Top Player Replays
Match Explorer
How It Works
Community
CoH3 Stats
Reddit
Sign in to upload your games and track your stats! →
Sign in with Steam
Match 42516322
Unlisted
Match 42516322
Overview
Messages
Build Orders
End
Construct Barracks
Riflemen Squad
1⁄4-ton 4x4 Truck
Riflemen Squad
M1 Mortar Team
Infantry Support Center
Construct Motor Pool
M8 Greyhound Armored Car
Construct Medical Station
M1 Anti-tank Gun Team
Engineer Squad
Selects Special Operations Battlegroup
Selects Raiding Flares
Selects SSF Commando Squad
Selects M29 Weasel Recon Vehicle
SSF Commando Squad
Construct Tank Depot
Selects P-47 Anti-Infantry Loiter
Selects UNKNOWN (2162291)
M1 Anti-tank Gun Team
Engineer Squad
P-47 Anti-Infantry Loiter
Riflemen Squad
M4A1 Sherman Whizbang
Engineer Squad
P-47 Anti-Infantry Loiter
Survival Training
Selects Assault Operation
Selects Assault Operation
Raiding Flares
M18 Hellcat Tank Destroyer
SSF Commando Squad
Scout Squad
Flame Of Udûn
Mr. Fahrenheit
BigTiddyLebron
kreumat
0
0
Comments
sign in to comment!
No comments posted yet!